 Dungeon Crawl Stone Soup version 0.22.0-27-ga576289 (webtiles) character file.

308 leisz the Firebug (level 6, -2/50 HPs)
             Began as a Draconian Fire Elementalist on Aug 22, 2018.
             Was an Initiate of Cheibriados.
             Slain by an adder (4 damage)
             ... on level 4 of the Dungeon.
             The game lasted 00:21:08 (2964 turns).

leisz the Firebug (Draconian Fire Elementalist)     Turns: 2964, Time: 00:21:08

Health: -2/50      AC:  7    Str: 11    XL:     6   Next: 17%
Magic:  1/10       EV: 12    Int: 19    God:    Cheibriados [......]
Gold:   151        SH:  0    Dex: 12    Spells: 8/11 levels left

rFire    . . .     SeeInvis .   e - +1 dagger (freeze)
rCold    . . .     Gourm    .   (no shield)
rNeg     . . .     Faith    .   (armour unavailable)
rPois    .         Spirit   .   (helmet restricted)
rElec    .         Reflect  .   (no cloak)
rCorr    .         Harm     .   k - +0 pair of gloves
MR       .....                  (no boots)
Stlth    ++........             (no amulet)
HPRegen  0.16/turn              (no ring)
MPRegen  0.12/turn              (no ring)

@: lethally poisoned (-2 -> -4), hasted, quick
A: unfitting armour, cold-blooded, AC +6
a: Bend Time, Renounce Religion


You were on level 4 of the Dungeon.
You worshipped Cheibriados.
Cheibriados was noncommittal.
You were not hungry.

You visited 1 branch of the dungeon, and saw 5 of its levels.

You collected 151 gold pieces.

Inventory:

Hand Weapons
 e - a +1 dagger of freezing (weapon)
 m - a +1 dagger of venom
 n - a +0 short sword
 w - a +0 hunting sling
Missiles
 c - 72 sling bullets
 h - 107 stones (quivered)
Armour
 k - a +0 pair of gloves (worn)
Jewellery
 u - a +4 ring of intelligence {unknown}
Wands
 v - a wand of acid (6)
Scrolls
 d - 4 scrolls of remove curse {unknown}
 g - a scroll of noise {unknown}
 i - a scroll of amnesia {unknown}
 o - 5 scrolls of identify {unknown}
 q - a scroll of enchant weapon {unknown}
 s - a scroll of enchant armour {unknown}
Potions
 a - a potion of cancellation {unknown}
 f - a potion of curing {unknown}
 j - a potion of haste
 l - 3 potions of brilliance {unknown}
 p - a potion of heal wounds {unknown}
 r - a potion of mutation {unknown}
 t - a potion of degeneration {unknown}
 x - a potion of flight {unknown}
Comestibles
 b - 4 rations
 z - 3 chunks of flesh


   Skills:
 + Level 2.9 Fighting
 + Level 2.0 Short Blades
 - Level 1.7 Dodging
 - Level 1.7 Stealth
 + Level 3.2 Spellcasting
 + Level 2.9 Conjurations
 + Level 4.1 Fire Magic


You had 8 spell levels left.
You knew the following spells:

 Your Spells              Type           Power        Failure   Level  Hunger
a - Flame Tongue          Conj/Fire      ###..        3%          1    None
b - Throw Flame           Conj/Fire      ###...       5%          2    ##.....

Your spell library contained the following spells:

 Spells                   Type           Power        Failure   Level  Hunger
 Conjure Flame            Conj/Fire      ###.....     11%         3    ###....
 Inner Flame              Hex/Fire       ##......     19%         3    ###....
 Sticky Flame             Conj/Fire      ###.....     34%         4    ####...
 Fireball                 Conj/Fire      ###.......   67%         5    ######.


Dungeon Overview and Level Annotations

Branches:
Dungeon (5/15)
 Temple: D:4-7

Altars:
Cheibriados
Yredelemnul

Annotations:
D:4 Natasha


Innate Abilities, Weirdness & Mutations

Your plain brown scales are hard. (AC +6)
You cannot fit into any form of body armour.
You are cold-blooded and may be slowed by cold attacks.


Message History

* * * LOW HITPOINT WARNING * * *
Natasha casts a spell at you. The magic dart hits you!
* * * LOW HITPOINT WARNING * * *
You can't go down here!
The adder closely misses you. Natasha closely misses you. The adder bites you.
* * * LOW HITPOINT WARNING * * *
You are lethally poisoned!
The adder poisons you!
You climb upwards.
* * * LOW HITPOINT WARNING * * *
You feel sick.
The hound bites you but does no damage. x2
There is a stone staircase leading down here.
It was a potion of haste.
You feel yourself speed up.
Cheibriados forgives your accidental hurry, just this once.
* * * LOW HITPOINT WARNING * * *
You feel sick.
The hound is no longer moving slowly.
Natasha casts a spell.
The adder bites you.
You die...

.# .".............# ##
..............%# #
?..............# #
........%......# #
......#...###### #####
####..#_..# ....#
#..#...# ###.#
##hh#...### #.#
#5.@......#
#.##########.S######.#
#.............# .#
############.## # #...
#####


You could see a hound, Natasha, a crimson imp and an adder.

Vanquished Creatures
  An ogre (D:4)
  Jessica (D:2)
  10 adders
  5 worms
  3 dart slugs
  A leopard gecko (D:3)
  4 orcs (D:3)
  2 giant cockroaches
  10 goblins
  8 hobgoblins
  4 jackals (D:1)
  6 kobolds
  A quokka (D:2)
  3 ball pythons
  6 bats
  12 frilled lizards
  9 rats
86 creatures vanquished.

Notes
Turn   | Place    | Note
-------+----------+-------------------------------------------
     0 | D:1      | leisz the Draconian Fire Elementalist began the quest for the Orb.
     0 | D:1      | Reached XP level 1. HP: 14/14 MP: 3/3
   300 | D:1      | Reached XP level 2. HP: 19/22 MP: 0/5
   464 | D:1      | Reached skill level 1 in Fighting
  1043 | D:2      | Reached XP level 3. HP: 24/28 MP: 3/6
  1525 | D:2      | Reached XP level 4. HP: 36/36 MP: 4/7
  1655 | D:2      | Reached skill level 1 in Short Blades
  1993 | D:2      | Noticed Jessica
  2003 | D:2      | Killed Jessica
  2003 | D:2      | Reached XP level 5. HP: 33/41 MP: 5/9
  2080 | D:3      | Learned a level 2 spell: Throw Flame
  2289 | D:3      | Found a snail-covered altar of Cheibriados.
  2298 | D:3      | Became a worshipper of Cheibriados the Contemplative
  2912 | D:4      | Noticed an ogre
  2919 | D:4      | Killed an ogre
  2919 | D:4      | Reached skill level 4 in Fire Magic
  2919 | D:4      | Reached XP level 6. HP: 50/50 MP: 1/10
  2925 | D:4      | Found a basalt altar of Yredelemnul.
  2930 | D:4      | Noticed Natasha
  2957 | D:5      | Entered Level 5 of the Dungeon
  2964 | D:4      | HP: 2/50 [poisoned by an adder]
  2964 | D:4      | Slain by an adder

Skill      XL: |  1  2  3  4  5 |
---------------+----------------+-----
Fighting       | 1 2 |  2.9
Conjurations   | 2 |  2.9
Short Blades   | 1 2 |  2.0
Spellcasting   | 3 |  3.2
Fire Magic     | 4 |  4.1
Dodging        | |  1.7
Stealth        | |  1.7

Action                   |  1- 3 |  4- 6 || total
-------------------------+-------+-------++-------
Melee: Unarmed           |    15 |       ||    15
       Club              |    26 |       ||    26
       Tailslap          |     5 |     8 ||    13
       Dagger            |    35 |    68 ||   103
Throw: Stone             |    31 |    34 ||    65
 Cast: Flame Tongue      |    51 |    33 ||    84
       Throw Flame       |       |    19 ||    19
Invok: Bend Time         |       |     1 ||     1
Evoke: Wand              |       |     1 ||     1
  Use: Potion            |       |     1 ||     1
  Eat: Chunk             |     3 |     6 ||     9
Armor: Skin              |    27 |    17 ||    44
Dodge: Dodged            |    65 |    48 ||   113
